 Dungeon Crawl Stone Soup version 0.19-a0-659-g8260ecf (webtiles) character file.

17653 sudo the Carver (level 12, -10/78 HPs)
             Began as a High Elf Fighter on June 15, 2016.
             Was the Champion of Cheibriados.
             Mangled by a skeletal warrior
             ... wielding a +0 battleaxe
              (22 damage)
             ... on level 12 of the Dungeon.
             The game lasted 00:34:32 (14852 turns).

sudo the Carver (High Elf Fighter)                 Turns: 14852, Time: 00:34:32

Health: -10/78     AC: 11    Str: 32    XL:     12   Next: 20%
Magic:  25/25      EV: 23    Int: 31    God:    Cheibriados [******]
Gold:   430        SH:  4    Dex: 35    Spells: 4 memorised, 9 levels left

rFire  + . .     SeeInvis .     u - +2 great sword (flame)
rCold  . . .     Gourm    .     P - +0 ring mail {rF+}
rNeg   + . .     Faith    .     (shield currently unavailable)
rPois  .         Spirit   .     Q - +0 helmet
rElec  .         Dismiss  .     z - +0 cloak
rCorr  .         Reflect  +     g - +2 pair of gloves
SustAt .         Harm     .     (no boots)
MR     +....                    i - +4 amulet of reflection
Stlth  +++.......               K - ring of wizardry
                                B - ring of positive energy

@: agile, very slow, somewhat resistant to hostile enchantments, fairly stealthy
A: no striking features
a: Bend Time, Temporal Distortion, Slouch, Step From Time, Renounce Religion


You were on level 12 of the Dungeon.
You worshipped Cheibriados.
Cheibriados was exalted by your worship.
You were not hungry.

You visited 4 branches of the dungeon, and saw 15 of its levels.
You also visited: Ice Cave.

You collected 520 gold pieces.
You spent 90 gold pieces at shops.

Inventory:

Hand Weapons
 u - a +2 great sword of flaming (weapon)
Armour
 g - a +2 pair of gloves (worn)
 m - a +0 plate armour
 y - a +3 buckler
 z - a +0 cloak (worn)
 P - a +0 ring mail of fire resistance (worn)
 Q - a +0 helmet (worn)
Jewellery
 i - a +4 amulet of reflection (around neck)
 B - a ring of positive energy (left hand)
 C - an uncursed amulet of rage {unknown}
 I - an uncursed ring of see invisible
 J - an uncursed ring of magical power
 K - a ring of wizardry (right hand)
 L - an uncursed ring of fire
Wands
 b - a wand of lightning (11/15)
 c - a wand of flame (17/48)
 F - a wand of lightning (0/15)
Scrolls
 a - 3 scrolls of identify
 e - 6 scrolls of remove curse
 h - a scroll of fear
 o - 5 scrolls of fog
 s - a scroll of recharging
 x - a scroll of noise
 T - a scroll of amnesia
Potions
 d - a potion of agility
 j - a potion of magic
 l - a potion of degeneration {unknown}
 n - a potion of heal wounds
 q - 4 potions of cure mutation
 t - 7 potions of curing
 v - a potion of invisibility
 w - 4 potions of brilliance
 G - 3 potions of cancellation
 N - a potion of lignification
 S - 2 potions of flight {unknown}
Books
 k - a book of Alchemy

   Spells                             Type                      Level
   a - Sublimation of Blood           Necromancy                   2
   b - Ignite Poison                  Fire/Transmutation/Poison    3
   c - Petrify                        Transmutation/Earth          4
   d - Alistair's Intoxication        Transmutation/Poison         5
   e - Irradiate                      Conjuration/Transmutation    5
 r - the Handbook of Displaced Enchantment
   (You found it on level 10 of the Dungeon)

   Spells                             Type                      Level
   a - Shroud of Golubria             Charms/Translocation         2
   b - Gell's Gravitas                Hexes/Translocation          3
   c - Force Lance                    Conjuration/Translocation    4
   d - Yara's Violent Unravelling     Hexes/Transmutation          5
   e - Darkness                       Hexes                        6
 D - a book of Transfigurations

   Spells                             Type                      Level
   a - Irradiate                      Conjuration/Transmutation    5
   b - Statue Form                    Transmutation/Earth          6
   c - Hydra Form                     Transmutation                6
   d - Dragon Form                    Transmutation                7
 E - a book of the Sky

   Spells                             Type                      Level
   a - Summon Lightning Spire         Summoning/Air                4
   b - Airstrike                      Air                          4
   c - Silence                        Hexes/Air                    5
   d - Deflect Missiles               Charms/Air                   6
   e - Conjure Ball Lightning         Conjuration/Air              6
   f - Tornado                        Air                          9
 O - a book of Spatial Translocations

   Spells                             Type                      Level
   a - Apportation                    Translocation                1
   b - Blink                          Translocation                2
   c - Shroud of Golubria             Charms/Translocation         2
   d - Portal Projectile              Translocation                3
   e - Teleport Other                 Translocation                3
   f - Passage of Golubria            Translocation                4
Comestibles
 f - 10 bread rations
 p - a meat ration
 A - 12 fruits


   Skills:
 - Level 5.7 Fighting
 * Level 10.9 Long Blades
 - Level 4.8 Armour
 - Level 6.2 Dodging
 - Level 4.2 Shields
 + Level 8.4 Spellcasting
 * Level 10.0 Transmutations
 * Level 2.1 Air Magic
 - Level 7.1 Earth Magic
 * Level 4.5 Invocations


You had 9 spell levels left.
You knew the following spells:

 Your Spells              Type           Power        Failure   Level  Hunger
a - Statue Form           Tmut/Erth      ######...    10%         6    #####..
b - Petrify               Tmut/Erth      ######..     1%          4    None
c - Blink                 Tloc           N/A          4%          2    None
d - Deflect Missiles      Chrm/Air       ###.......   99%         6    #####..


Dungeon Overview and Level Annotations

Branches:
Dungeon (12/15)            Temple (1/1) D:5            Lair (1/6) D:9
    Orc (1/2) D:9

Altars:
Ashenzari
Cheibriados
Dithmenos
Elyvilon
Fedhas
Gozag
Hepliaklqana
Kikubaaqudgha
Makhleb
Nemelex Xobeh
Okawaru
Pakellas
Qazlal
Ru
Sif Muna
Trog
Uskayaw
Vehumet
Xom
Yredelemnul
Zin
The Shining One

Shops:
D:11 !


Message History

You feel resistant to fire.
Things that are here:
a flail; 3 poisoned tomahawks; a plate armour No target in view!
The skeletal warrior completely misses you. x2
You closely miss the skeletal warrior.
You block the skeletal warrior's attack.
You barely miss the skeletal warrior.
You hit the skeletal warrior but do no damage.
The skeletal warrior hits you with a battleaxe!
* * * LOW HITPOINT WARNING * * *
You are too injured to fight recklessly!
You are too injured to fight recklessly!
You are too injured to fight recklessly!
You hit the skeletal warrior but do no damage.
The skeletal warrior completely misses you.
You hit the skeletal warrior. You burn the skeletal warrior.
The skeletal warrior is lightly damaged.
The skeletal warrior hits you with a battleaxe!!
You die...

............###.......(...#......
............# #...........#......
............####.....#....#......
.......#####.....................
.................................
#.......####.....................
'..........<).).)................
#...........)....................
#...........)...@z...............
#........#..................#####
.....[...'.......................
###......#...........###.........
# #......#...........# #.....##..
# #......#...........# #.........
# ####...#...........# #...#####.
######...#..)........# #...'...†.
..............######## #...######


You could see a skeletal warrior.

Vanquished Creatures
  2 skeletal warriors (D:12)
  An unseen horror (D:12)
  2 hill giants
  A black mamba (Lair:1)
  A spiny frog (Lair:1)
  3 kobold demonologists
  2 rime drakes (D:11)
  A komodo dragon (D:11)
  3 polar bears
  4 trolls
  3 two-headed ogres
  3 blink frogs (Lair:1)
  A spriggan (D:8)
  2 wyverns
  16 yaks
  A vampire (D:12)
  A hungry ghost (D:9)
  A hill giant zombie (D:9)
  A steam dragon (D:12)
  3 water moccasins (Lair:1)
  2 porcupines (Lair:1)
  2 black bears
  2 sky beasts
  3 orc warriors
  2 ice beasts
  An eye of draining (D:10)
  9 wolves
  2 phantoms (D:9)
  4 ogres
  4 centaurs
  2 crocodiles (D:12)
  3 big kobolds
  3 giant frogs (Lair:1)
  8 scorpions
  A troll zombie (D:9)
  3 killer bees (D:12)
  3 wights (D:10)
  4 howler monkeys
  13 crimson imps
  3 centaur zombies
  A giant frog skeleton (D:10)
  A giant frog zombie (D:10)
  5 hounds
  3 centaur skeletons
  5 jellies
  5 orc priests
  11 orc wizards
  4 iguanas
  8 worker ants
  6 ogre zombies (D:9)
  4 gnolls (D:4)
  2 worker ant zombies
  12 adders
  A howler monkey skeleton (D:5)
  2 shadow imps
  An ooze (D:3)
  An adder skeleton (D:7)
  6 worms
  9 dart slugs
  5 giant geckos
  38 orcs
  3 ball pythons
  11 bats
  9 giant cockroaches
  7 goblins
  8 hobgoblins
  9 jackals
  20 kobolds
  4 quokkas
  A giant cockroach zombie (D:5)
  5 giant newts
  A goblin skeleton (D:9)
  3 goblin zombies (D:9)
  2 hobgoblin zombies (D:9)
  5 orc skeletons (D:9)
  14 orc zombies (D:9)
  13 rats
371 creatures vanquished.

Vanquished Creatures (others)
  A polar bear (IceCv)
  2 yaks (IceCv)
  A centaur (D:10)
  3 plants
7 creatures vanquished.

Grand Total: 378 creatures vanquished

Notes
Turn   | Place    | Note
--------------------------------------------------------------
     0 | D:1      | sudo the High Elf Fighter began the quest for the Orb.
     0 | D:1      | Reached XP level 1. HP: 16/16 MP: 2/2
    56 | D:1      | Reached XP level 2. HP: 18/21 MP: 3/3
   652 | D:1      | Reached XP level 3. HP: 26/26 MP: 4/4
  1348 | D:2      | Reached XP level 4. HP: 31/31 MP: 5/5
  1426 | D:2      | Reached skill level 1 in Dodging
  1764 | D:2      | Found a white marble altar of Elyvilon.
  1764 | D:2      | Found a bloodstained altar of Trog.
  2243 | D:3      | Reached XP level 5. HP: 36/36 MP: 6/6
  2581 | D:3      | Found a glowing golden altar of the Shining One.
  2838 | D:4      | Reached XP level 6. HP: 38/42 MP: 7/7
  3459 | D:4      | Found a shadowy altar of Dithmenos.
  3744 | D:4      | Found a snail-covered altar of Cheibriados.
  3771 | D:4      | Found a sacrificial altar of Ru.
  3791 | D:4      | Became a worshipper of Cheibriados the Contemplative
  3915 | D:5      | Entered Level 5 of the Dungeon
  3958 | D:5      | Reached skill level 5 in Long Blades
  3958 | D:5      | Reached skill level 1 in Spellcasting
  4096 | D:5      | Noticed an ice beast
  4098 | D:5      | Reached XP level 7. HP: 35/47 MP: 8/10
  4302 | D:5      | Found a staircase to the Ecumenical Temple.
  4331 | Temple   | Entered the Ecumenical Temple
  4542 | D:5      | Reached skill level 1 in Invocations
  4596 | D:5      | Found a deep blue altar of Sif Muna.
  4596 | D:5      | Found a hazy altar of Hepliaklqana.
  4772 | D:5      | Learned a level 6 spell: Statue Form
  4802 | D:5      | Reached * piety under Cheibriados
  4908 | D:5      | Found a shimmering altar of Xom.
  5274 | D:6      | Reached XP level 8. HP: 51/54 MP: 12/12
  5468 | D:6      | Reached skill level 1 in Transmutations
  6207 | D:7      | Reached skill level 1 in Earth Magic
  6337 | D:7      | Reached ** piety under Cheibriados
  6343 | D:7      | Noticed a kobold demonologist
  6364 | D:7      | Killed a kobold demonologist
  6555 | D:7      | Reached XP level 9. HP: 37/59 MP: 15/15
  6767 | D:7      | Reached *** piety under Cheibriados
  7267 | D:8      | Reached skill level 5 in Dodging
  7465 | D:8      | Learned a level 4 spell: Petrify
  7539 | D:8      | Reached skill level 5 in Fighting
  7651 | D:8      | Found a hide-covered altar of Uskayaw.
  8058 | D:9      | Found a radiant altar of Vehumet.
  8058 | D:9      | Found a burning altar of Makhleb.
  8190 | D:9      | Reached **** piety under Cheibriados
  8251 | D:9      | Found a staircase to the Orcish Mines.
  8281 | D:9      | Noticed a troll
  8305 | D:9      | Killed a troll
  8743 | D:9      | Found a staircase to the Lair.
  8744 | D:9      | Noticed a komodo dragon
  8771 | D:10     | Entered Level 10 of the Dungeon
  8817 | D:9      | Reached ***** piety under Cheibriados
  8825 | D:9      | Reached skill level 5 in Spellcasting
  8825 | D:9      | Reached XP level 10. HP: 64/66 MP: 13/18
  8989 | Orc:1    | Entered Level 1 of the Orcish Mines
  8989 | Orc:1    | Noticed an ogre mage
  9007 | D:9      | Reached skill level 10 in Long Blades
  9205 | Lair:1   | Entered Level 1 of the Lair of Beasts
  9283 | Lair:1   | Noticed a spiny frog
  9331 | Lair:1   | Killed a spiny frog
 10097 | Lair:1   | Noticed a spiny frog
 10145 | Lair:1   | Noticed a black mamba
 10152 | Lair:1   | Killed a black mamba
 10152 | Lair:1   | Reached skill level 5 in Transmutations
 10565 | Lair:1   | Noticed a six-headed hydra
 11047 | D:10     | Noticed a rust devil
 11062 | D:10     | Reached skill level 5 in Earth Magic
 11282 | D:10     | Identified the Handbook of Displaced Enchantment
 11285 | D:10     | Found a bloodstained altar of Trog.
 11356 | D:10     | Reached XP level 11. HP: 61/72 MP: 18/21
 11643 | D:10     | Noticed a hill giant
 11658 | D:10     | Killed a hill giant
 12458 | D:10     | Found a shimmering altar of Xom.
 12722 | D:11     | Found a frozen archway.
 12773 | IceCv    | Entered an ice cave
 13686 | D:11     | Reached ****** piety under Cheibriados
 13870 | D:11     | Found Ozeakale's Distillery.
 13878 | D:11     | Bought a potion of curing for 45 gold pieces
 13878 | D:11     | Bought a potion of curing for 45 gold pieces
 13884 | D:12     | Noticed a hill giant
 13897 | D:12     | Killed a hill giant
 14132 | D:12     | Reached XP level 12. HP: 78/78 MP: 20/25
 14160 | D:12     | Learned a level 2 spell: Blink
 14169 | D:12     | Learned a level 6 spell: Deflect Missiles
 14344 | D:12     | Reached skill level 1 in Air Magic
 14816 | D:12     | Reached skill level 10 in Transmutations
 14852 | D:12     | Mangled by a skeletal warrior

Vault maps used:
D:1:      dpeg_arrival_rhombus
D:2:      gammafunk_temple_overflow_elements
D:3:      kennysheep_slugbush, tso_oasis_becter
D:4:      nicolae_overflow_crystal_walls, lemuel_doored_altar,
          lemuel_crystal_altar, first_bread, small_statue_intersection,
          kennysheep_cross_room, corexii_checkpoint_b
D:5:      kennysheep_little_box, gammafunk_temple_overflow_statue,
          minmay_temple_entry_grid
D:6:      st_stairs_14
D:8:      eat_drink_and_be_merry_uskayaw, the_bakery
D:9:      grunt_temple_overflow_lords_of_destruction, david_lair_shrubbed,
          zombieorc2_lemuel
D:10:     basic_altar, trog_ov_bears_minmay
D:11:     portal_ice_cave_rime, serial_shops, shop
Temple:   roderic_octagonal_lattice_temple
Orc:1:    elves_outpost_lemuel
IceCv:    ice_cave_caverns_02

Skill      XL: |  1  2  3  4  5  6  7  8  9 10 11 12 |
---------------+-------------------------------------+-----
Shields        | 3 4 |  4.2
Long Blades    | 3 4 5 6 8 9 10 | 10.9
Armour         | 3 4 |  4.8
Dodging        | 1 2 3 4 5 6 |  6.2
Spellcasting   | 1 2 3 5 6 8 |  8.4
Fighting       | 4 5 |  5.7
Invocations    | 2 4 |  4.5
Transmutations | 2 4 6 9 10 | 10.0
Earth Magic    | 2 5 7 |  7.1
Air Magic      | 2 |  2.1

Action                   |  1- 3 |  4- 6 |  7- 9 | 10-12 || total
-------------------------+-------+-------+-------+-------++-------
Melee: Long sword        |   161 |   241 |   631 |   542 ||  1575
       Great sword       |       |       |       |    49 ||    49
 Cast: Petrify           |       |       |     5 |    25 ||    30
       Statue Form       |       |       |       |    13 ||    13
Invok: Slouch            |       |       |       |     3 ||     3
Evoke: Wand              |       |       |     9 |     2 ||    11
  Use: Potion            |     2 |     2 |     4 |    10 ||    18
       Scroll            |     1 |     6 |    13 |    15 ||    35
 Stab: Invisible         |       |     1 |       |       ||     1
       Petrified         |       |       |     5 |    29 ||    34
       Petrifying        |       |       |     1 |     7 ||     8
       Distracted        |       |       |     1 |     2 ||     3
       Sleeping          |       |       |     1 |     1 ||     2
  Eat: Chunk             |     2 |     6 |     5 |     8 ||    21
       Pizza             |       |     1 |     1 |       ||     2
       Bread ration      |       |     1 |       |     1 ||     2
       Beef jerky        |       |       |     2 |       ||     2
       Meat ration       |       |       |     1 |     2 ||     3
Armor: Scale mail        |    93 |    92 |    45 |       ||   230
       Ring mail         |       |       |    80 |    89 ||   169
       Skin              |       |       |       |    55 ||    55
Dodge: Dodged            |    67 |    71 |   257 |   439 ||   834
Block: Shield            |   134 |    87 |       |       ||   221
       Reflection        |     3 |     6 |     4 |     7 ||    20
       Buckler           |       |    60 |   294 |   453 ||   807
       Other             |       |       |       |    17 ||    17
